 Dungeon Crawl Stone Soup version 0.31.0-11-ge490571c62 (webtiles) character file.

Game seed: 2545823499892085992

2 mopl the Caller (level 1, 0/10 HPs)
             Began as a Tengu Summoner on Feb 5, 2024.
             Slain by a hobgoblin (3 damage)
             ... on level 1 of the Dungeon.
             The game lasted 00:00:11 (37 turns).

mopl the Caller (Tengu Summoner)                      Turns: 37, Time: 00:00:11

Health: 0/10       AC:  2    Str:  8    XL:     1   Next: 40%
Magic:  4/4        EV: 12    Int: 15    God:
Gold:   0          SH:  0    Dex: 14    Spells: 3/4 levels left

rFire   . . .        (no weapon)
rCold   . . .        (no shield)
rNeg    . . .        a - +0 robe
rPois   .            (helmet restricted)
rElec   .            (no cloak)
rCorr   .            (no gloves)
SInv    .            (boots unavailable)
Will    .....        (no amulet)
Stlth   ++           (no ring)
HPRegen 0.21/turn    (no ring)
MPRegen 0.09/turn

%: acrobat
@: no status effects
A: beak, talons 3, acrobatic
a: no special abilities


You were on level 1 of the Dungeon.
You visited 1 branch of the dungeon, and saw 1 of its levels.

Inventory:

Armour
 a - a +0 robe (worn)
Potions
 b - a potion of magic


   Skills:
 - Level 2.1 Dodging
 - Level 2.0 Stealth
 + Level 2.1 Spellcasting
 + Level 4.9 Summonings


You had 3 spell levels left.
You knew the following spells:

 Your Spells              Type           Power      Damage    Failure   Level
a - Summon Small Mammal   Summ           64%        N/A       3%          1

Your spell library contained the following spells:

 Spells                   Type           Power      Damage    Failure   Level
 Call Imp                 Summ           32%        N/A       4%          2
 Call Canine Familiar     Summ           16%        N/A       9%          3
 Summon Blazeheart Golem  Fire/Summ      8%         N/A       63%         4
 Summon Lightning Spire   Summ/Air       8%         N/A       63%         4


Dungeon Overview and Level Annotations

Branches:
Dungeon (1/15)

Altars:


Innate Abilities, Weirdness & Mutations

You have a beak for a mouth.
You have claws for feet.
You can magically evade attacks while moving or waiting.


Message History

A goblin and a hobgoblin come into view.
There are monsters nearby!
Found 5 gold pieces.
The helpless goblin fails to defend itself.
You hit the goblin. You claw the goblin.
You kill the goblin!
The hobgoblin shouts!
You hear a shout!
You see here 9 gold pieces.
You hit the hobgoblin but do no damage. Your kick misses the hobgoblin.
The hobgoblin barely misses you.
A hobgoblin comes into view.
You barely miss the hobgoblin. Your peck misses the hobgoblin.
The hobgoblin hits you.
You hit the hobgoblin but do no damage. You peck the hobgoblin.
The hobgoblin is severely wounded.
The hobgoblin hits you.
You are too injured to fight recklessly!
You are too injured to fight recklessly!
You closely miss the hobgoblin.
You claw the hobgoblin, but do no damage.
The hobgoblin is severely wounded.
The hobgoblin hits you.
* * * LOW HITPOINT WARNING * * *
You closely miss the hobgoblin. You claw the hobgoblin.
You peck the hobgoblin, but do no damage.
The hobgoblin is almost dead.
The hobgoblin completely misses you.
You hit the hobgoblin but do no damage.
You claw the hobgoblin, but do no damage.
You peck the hobgoblin.
You kill the hobgoblin!
You see here 9 gold pieces.
You hit the hobgoblin. Your kick misses the hobgoblin.
Your peck misses the hobgoblin.
The hobgoblin is moderately wounded.
The hobgoblin closely misses you.
You hit the hobgoblin but do no damage.
The hobgoblin is moderately wounded.
The hobgoblin hits you.
You die...

~.......~8.####
≈~.....~≈#...[#
≈~P.8.P~≈####.#
#~≈~.~~~## #.# #.
##≈~P≈≈##. #.# ...
##≈≈~##..###.# ..$.
#####.......#####.#..#
###.#...##........
##.##..##@.......
.........g).......
...####........... .
###.$..........
#....###.......
.........# .......
#..#....## ....... ..
#...## .##.### ...##
..


You could see a hobgoblin.

Vanquished Creatures
  A goblin (D:1)
  A hobgoblin (D:1)
2 creatures vanquished.

Notes
Turn   | Place    | Note
-------+----------+-------------------------------------------
     0 | D:1      | mopl the Tengu Summoner began the quest for the Orb.
     0 | D:1      | Reached XP level 1. HP: 10/10 MP: 4/4
    37 | D:1      | Slain by a hobgoblin

Illustrated notes

Levels and vault maps discovered:
D:1:      lightli_arrival_statuegarden, layout_rooms

Action                     || total
---------------------------++-------
  Melee: Unarmed           ||     9
         Kick              ||     4
         Peck              ||     3
   Stab: Sleeping          ||     1
 Armour: Robe              ||     4
  Dodge: Dodged            ||     3
